Unix NetHack Version 5.0.0-0 post-release - last build Jun 10 2026 00:39:30 (3ee93aec679c4c4259841fe613dc97188e26a321,branch:main).

Game began 2026-06-18 23:31:52, ended 2026-06-19 00:15:39.

Kwijibo4686, neutral female human Valkyrie

                               --------------------
                               |..|....*..........|
                              ---.....**..........----
                              |....................%.--
                              ---..*...............|..--    -
                                ---------------------..-- --..
                                                    --..---....
                                                     --........
                                                      -----..---
                                                          --...|
                                                           --..--
                                                            --..--
                                                           ..--..|
                                                           Bq@...|
                                                           ......
                                                            ----

Kwijibo4686 the Fighter     St:18/03 Dx:16 Co:16 In:8 Wi:8 Ch:7  Neutral
Dlvl:13 $:266 HP:0(71) Pw:25(25) AC:-9 Xp:9 T:4517  Satiated

Latest messages:
 The hobbit swings his sling.
 The hobbit misses!
 You hear rumbling in the distance.
 You kill the hobbit!
 A rock misses you.
 You hear rumbling in the distance.
 The gnome removes a parchment spellbook from a bag.
 The gnome lord misses!
 The gnome misses!
 The gnome lord hits!
 The gnome king hurls a potion of paralysis!
 The phial crashes on your head and breaks into shards.
 The potion of paralysis evaporates.
 Something seems to be holding you.
 You can move again.
 What do you want to use or apply? [npstCLRTUX or ?*] s
 You snuff out your candle.
 The gnome lord just misses!
 The gnome king hits!
 You hit the gnome king!
 The gnome lord misses!
 The gnome king misses!
 You are now more skilled in spear.
 You feel you could be more dangerous!
 You are now most skilled in spear.
 You hit the gnome king!
 You kill the gnome king!
 You see here a gnome king corpse.
 You hit the gnome lord!
 You hit the gnome lord!
 The gnome lord hits!
 You hear rumbling in the distance.
 Something smells moldy.
 What do you want to use or apply? [npstCLRTUX or ?*] ?
 What do you want to use or apply? [npstCLRTUX or ?*] <space>
 Never mind.
 What do you want to eat? [d or ?*] C
 You cannot eat that!
 What do you want to use or apply? [npstCLRTUX or ?*] <space>
 Never mind.
 What do you want to use or apply? [npstCLRTUX or ?*] C
 You snuff out your candles.
 You hit the red naga!
 You hit the red naga!
 The red naga bites!
 You kill the red naga!
 You hit the mastodon!
 The mastodon butts!
 You die...
 Do you want your possessions identified? [ynq] (y) q

Inventory:
 Coins    ('$')
  $ - 266 gold pieces
 Amulets  ('"')
  u - a cursed amulet of restful sleep
  O - an uncursed amulet versus poison
 Weapons  (')')
  b - a corroded +0 dagger (alternate weapon; not wielded)
  a - a +1 spear (weapon in right hand)
 Armor    ('[')
  M - an uncursed +0 dwarvish iron helm (being worn)
  I - an uncursed +2 pair of kicking boots (being worn)
  x - a cursed -2 pair of water walking boots
  c - an uncursed burnt +3 small shield (being worn)
  h - a blessed +1 cloak of protection (being worn)
  G - an uncursed +1 dwarvish mithril-coat (being worn)
 Comestibles  ('%')
  d - 5 uncursed food rations
 Scrolls  ('?')
  V - an uncursed scroll of create monster
  B - an uncursed scroll of destroy armor
  z - an uncursed scroll of fire
  o - 3 uncursed scrolls of identify
  A - an uncursed scroll of remove curse
 Spellbooks  ('+')
  n - an uncursed spellbook of dig
 Potions  ('!')
  k - an uncursed potion of acid
  w - 2 uncursed potions of full healing
  Q - an uncursed potion of gain level
  v - an uncursed potion of healing
  i - an uncursed potion of monster detection
 Rings    ('=')
  D - an uncursed ring of free action
 Wands    ('/')
  U - a wand of digging (0:0)
 Tools    ('(')
  t - an uncursed blindfold
  p - an expensive camera (0:64)
  L - a +0 pick-axe
  X - an uncursed skeleton key
  s - an uncursed partly used tallow candle
  C - 5 cursed partly used tallow candles
  R - a +0 unicorn horn
  T - an uncursed partly used wax candle (lit)

Kwijibo4686 the Valkyrie's attributes:

Background:
 You were a Fighter, a level 9 human Valkyrie.
 You were neutral, on a mission for Odin
 who was opposed by Tyr (lawful) and Loki (chaotic).
 You were right-handed.
 You were in the Gnomish Mines, on level 13.
 You entered the dungeon 4517 turns ago.
 It was the midnight hour.
 You had 2805 experience points, 2315 more were needed to attain level 10.

Basics:
 You had 0 out of 71 hit points.
 You had all 25 energy points (spell power).
 Your armor class was -9.
 Your wallet contained 266 zorkmids.
 Autopickup was on for '$?!/="' plus thrown.

Final Characteristics:
 Your strength was 18/03 (limit:18/100).
 Your dexterity was 16 (peak:18, limit:18).
 Your constitution was 16 (limit:18).
 Your intelligence was 8 (limit:18).
 Your wisdom was 8 (limit:18).
 Your charisma was 7 (limit:18).

Final Status:
 You were satiated.
 You were unencumbered.
 You were wielding a spear.
 You had expert skill with spear.

Final Attributes:
 You were piously aligned.
 You were cold resistant.
 You were poison resistant.
 You were stealthy.
 You were protected.
 You were fast.
 You are dead.

Miscellaneous:
 You encountered 1 bones level.
 Total elapsed playing time was 43 minutes and 46 seconds.

Major events:
 Turn
    1: Kwijibo4686 the neutral human Valkyrie entered the dungeon
 1093: attained the rank of Skirmisher (level 3)
 1294: entered the Gnomish Mines
 2159: attained the rank of Fighter (level 6)
 3052: reached Mine Town
 4517: killed by a mastodon

You didn't know any spells.

Skills:
 Fighting Skills
   bare handed combat [Unskilled]
   two weapon combat  [Unskilled]
   riding             [Unskilled]
 Weapon Skills
   dagger             [Basic]
   axe                [Unskilled]
   pick-axe           [Unskilled]
   short sword        [Unskilled]
   broadsword         [Unskilled]
   long sword         [Unskilled]
   two-handed sword   [Unskilled]
   saber              [Unskilled]
   hammer             [Unskilled]
   quarterstaff       [Unskilled]
   polearms           [Unskilled]
   spear              [Expert]
   trident            [Unskilled]
   lance              [Unskilled]
   sling              [Unskilled]
 Spellcasting Skills
   attack spells      [Unskilled]
   escape spells      [Unskilled]

Voluntary challenges:
 Character rerolling was not enabled.
 You were illiterate.
 You never genocided any monsters.
 You never polymorphed an object.
 You never changed form.
 You used no wishes.
Achievements:
 You entered a shop.
 You attained the rank of Skirmisher.
 You entered the Gnomish Mines.
 You attained the rank of Fighter.
 You entered Minetown.
 You entered a temple.

 The Dungeons of Doom: levels 1 to 5
    Level 1:
       An altar to Odin, a fountain.
    Level 2:
       A general store, a fountain.
    Level 3:
    Level 4:
       Some fountains, a sink.
       Stairs down to The Gnomish Mines.
    Level 5:
 The Gnomish Mines: levels 5 to 13
    Level 5:
    Level 6:
    Level 7:
    Level 8:
       Many shops, a temple and an altar, some fountains.
    Level 9:
    Level 10:
    Level 11:
    Level 12:
       Final resting place for
          Scotos-Val-Dwa-Fem-Law, petrified by a cockatrice.
    Level 13: <- You were here.
       Final resting place for
          you, killed by a mastodon.


Vanquished creatures:
  a baby red dragon
  a large mimic
  2 sergeants
  a warhorse
  a flaming sphere
  a red naga
  a quivering blob
  2 cockatrices
  4 wolves
  a giant spider
  a black light
  2 gnome rulers
  a chickatrice
  4 dingoes
  a housecat
  a dwarf leader
  a blue jelly
  a white unicorn
  a dust vortex
  a rope golem
  a Woodland-elf
  a bugbear
  a quasit
 11 Mordor orcs
  8 gnome leaders
  6 gnomish wizards
  a kitten
 14 dwarves
  3 hill orcs
  3 rothes
  a giant bat
  a dwarf zombie
 an iguana
  a killer bee
  a coyote
  a gas spore
  3 hobbits
  2 manes
  a hobgoblin
  a giant rat
  2 brown molds
  a green mold
  2 red molds
 57 gnomes
  3 geckos
  a jackal
  a kobold
  a goblin
  a grid bug
  a bat
  3 lichens
  5 newts
169 creatures vanquished.

No species were genocided or became extinct.

Game over:
                       ----------
                      /          \
                     /    REST    \
                    /      IN      \
                   /     PEACE      \
                  /                  \
                  |   Kwijibo4686    |
                  |      266 Au      |
                  |   killed by a    |
                  |     mastodon     |
                  |                  |
                  |                  |
                  |       2026       |
                 *|     *  *  *      | *
        _________)/\\_//(\/(/\)/\//\/|_)_______

Farvel Kwijibo4686 the Valkyrie...

You died in The Gnomish Mines on dungeon level 13 with 12060 points,
and 266 pieces of gold, after 4517 moves.
You were level 9 with a maximum of 71 hit points when you died.

